 Dungeon Crawl Stone Soup version 0.22.1-2-g9c5b331 (webtiles) character file.

119 Harpaggios the Sneak (level 5, -1/24 HPs)
             Began as a Vine Stalker Enchanter on Jan 1, 2019.
             Slain by a gnoll
             ... wielding a +0 flail
              (9 damage)
             ... on level 2 of the Dungeon.
             The game lasted 00:06:37 (1407 turns).

Harpaggios the Sneak (Vine Stalker Enchanter)       Turns: 1407, Time: 00:06:38

Health: -1/24      AC:  2    Str: 10    XL:     5   Next: 3%
Magic:  0/9        EV: 12    Int: 15    God:
Gold:   101        SH:  0    Dex: 16    Spells: 2/8 levels left

rFire    . . .     SeeInvis .   a - +1 dagger
rCold    . . .     Gourm    .   (no shield)
rNeg     . . .     Faith    .   b - +0 robe
rPois    .         Spirit   +   (no helmet)
rElec    .         Reflect  .   (no cloak)
rCorr    .         Harm     .   (no gloves)
MR       .....                  (no boots)
Stlth    +++.......             (no amulet)
HPRegen  0.48/turn              (no ring)
MPRegen  0.11/turn              (no ring)

@: no status effects
A: fangs 2, regeneration 1, magic shield, antimagic bite, no potion heal 3, rot
immunity
a: no special abilities


You were on level 2 of the Dungeon.
You were very hungry.

You visited 1 branch of the dungeon, and saw 2 of its levels.

You collected 101 gold pieces.

Inventory:

Hand Weapons
 a - a +1 dagger (weapon)
 f - a cursed +0 short sword
Armour
 b - a +0 robe (worn)
 j - a +1 cloak of magic resistance
Jewellery
 i - an uncursed ring of protection from magic {unknown}
Scrolls
 e - 2 scrolls of enchant armour {unknown}
 g - 2 scrolls of teleportation {unknown}
 h - a scroll of fear {unknown}
 k - 4 scrolls of identify {unknown}
 m - a scroll of fog {unknown}
Potions
 l - a potion of degeneration {unknown}
Comestibles
 c - 2 chunks of flesh
 d - 3 rations


   Skills:
 + Level 2.1 Short Blades
 - Level 1.5 Dodging
 + Level 4.7 Stealth
 - Level 2.1 Spellcasting
 * Level 4.4 Hexes


You had 2 spell levels left.
You knew the following spells:

 Your Spells              Type           Power        Failure   Level  Hunger
a - Corona                Hex            ###....      3%          1    #......
b - Ensorcelled Hibernat  Hex/Ice        #.....       13%         2    ###....
c - Tukima's Dance        Hex            ###.....     11%         3    ###....

Your spell library contained the following spells:

 Spells                   Type           Power        Failure   Level  Hunger
 Confuse                  Hex            ###.....     11%         3    ###....
 Dazzling Spray           Conj/Hex       #.....       26%         3    ###....


Dungeon Overview and Level Annotations

Branches:
Dungeon (2/15)

Altars:
Ashenzari


Innate Abilities, Weirdness & Mutations

You have extremely sharp teeth.
Your natural rate of healing is unusually fast.
When hurt, damage is shared between your health and your magic reserves.
Your bite disrupts and absorbs the magic of your enemies.
Potions cannot restore your health.
You are immune to rotting.


Message History

The gnoll is lightly wounded.
You hit the gnoll.
The gnoll is moderately wounded.
The gnoll hits you with a flail!
You hit the gnoll. You bite the gnoll. You drain its power.
You feel invigorated.
The gnoll is heavily wounded.
The gnoll hits you with a flail.
You hit the gnoll. You bite the gnoll, but do no damage.
The gnoll is severely wounded.
The gnoll hits you with a flail!
* * * LOW HITPOINT WARNING * * *
A worm comes into view.
Casting: Ensorcelled Hibernation (safe; 13% risk of failure)
Confirm with . or Enter, or press ? or * to list all spells.
Aiming: Corona (safe; 3% risk of failure)
Press: ? - help, Shift-Dir - straight line, f/p - gnoll
Aim: a gnoll, wielding a flail (severely wounded, chance to defeat MR: 61%)
The gnoll is outlined in light.
The gnoll hits you with a flail!
You die...

### #.######## #..).....#
#.######.### #.# #...#
#.######.### #.....##g#
#############g##@#
...>.....g.g..##.########
.###############........#
.#### ###########.###
.'..... .......<..#.#
.#..... ...#####..#.#
.#(.... #..#.### .# ....
#......# .# .... #.######


You could see a gnoll.

Vanquished Creatures
  3 gnolls (D:2)
  4 adders (D:2)
  3 dart slugs (D:1)
  A ball python (D:1)
  4 bats
  A giant cockroach (D:2)
  12 goblins
  4 hobgoblins
  2 jackals (D:1)
  6 kobolds (D:1)
  3 frilled lizards
  3 rats
46 creatures vanquished.

Vanquished Creatures (others)
  A bat (D:1)
1 creature vanquished.

Grand Total: 47 creatures vanquished

Notes
Turn   | Place    | Note
-------+----------+-------------------------------------------
     0 | D:1      | Harpaggios the Vine Stalker Enchanter began the quest for
                  | the Orb.
     0 | D:1      | Reached XP level 1. HP: 9/9 MP: 4/4
     8 | D:1      | Reached skill level 1 in Short Blades
    45 | D:1      | Reached XP level 2. HP: 13/13 MP: 4/6
   127 | D:1      | Learned a level 2 spell: Ensorcelled Hibernation
   282 | D:1      | Reached XP level 3. HP: 12/16 MP: 7/7
   856 | D:2      | Found a shattered altar of Ashenzari.
   949 | D:2      | Gained mutation: Your natural rate of healing is unusually
                  | fast. [Vine Stalker growth]
   949 | D:2      | Reached XP level 4. HP: 6/21 MP: 4/8
  1202 | D:2      | Learned a level 3 spell: Tukima's Dance
  1393 | D:2      | Reached XP level 5. HP: 19/24 MP: 2/9
  1407 | D:2      | Slain by a gnoll

Skill      XL: |  1  2  3  4 |
---------------+-------------+-----
Short Blades   | 1 2 |  2.1
Stealth        | 4 |  4.7
Hexes          | 4 |  4.4
Dodging        | |  1.5
Spellcasting   | |  2.1

Action                   |  1- 3 |  4- 6 || total
-------------------------+-------+-------++-------
Melee: Dagger            |    92 |    35 ||   127
       Bite              |    16 |     8 ||    24
 Cast: Corona            |     5 |     3 ||     8
       Ensorcelled Hiber |     6 |    12 ||    18
 Stab: Sleeping          |    11 |     6 ||    17
       Distracted        |     1 |       ||     1
  Eat: Chunk             |       |     2 ||     2
Armor: Robe              |    11 |     4 ||    15
Dodge: Dodged            |    64 |    16 ||    80
